 Dungeon Sprint DCSS version 0.29-a0-459-g97dee8cd24 (webtiles) character file.

Game seed: 2166555609446801236

1034 mhtbhm the Covert (level 8, -1/40 HPs)
             Began as a Felid Monk on May 20, 2022.
             Was a High Priest of Dithmenos.
             Slain by a demonic crawler (10 damage)
             ... in the Dungeon (Sprint IV: "Fedhas' Mad Dash").
             The game lasted 00:03:44 (1869 turns).

mhtbhm the Covert (Felid Monk)                      Turns: 1869, Time: 00:03:44

Health: -1/40      AC:  2    Str:  7    XL:     8   Next: 3%
Magic:  1/16       EV: 29    Int: 11    God:    Dithmenos [*****.]
Gold:   194        SH:  0    Dex: 23    Spells: 7/7 levels left
                                        Lives:  0   Deaths: 2

rFire   . . .      SeeInvis +     - Unarmed
rCold   . . .      Faith    .   (shield unavailable)
rNeg    . . .      Spirit   .   (body armour unavailable)
rPois   .          Reflect  .   (helmet unavailable)
rElec   .          Harm     .   (cloak unavailable)
rCorr   .          Rampage  .   (gloves unavailable)
Will    +....      NoTele   +   (boots unavailable)
Stlth   ++++++++++              f - amulet of invisibility {+Inv}
HPRegen 0.13/turn               (no ring)
MPRegen 0.15/turn               (no ring)

@: wreathed by umbra, quick
A: very small, claws 1, fangs 3, see invisible, speed 1, shaggy fur 2, stealthy
paws, no weapons or thrown items, no armour, multi-lived
a: Renounce Religion, Evoke Invisibility, Shadow Step, Shadow Form


You were in the Dungeon.
You worshipped Dithmenos.
Dithmenos was extremely pleased with you.
You visited 1 branch You collected 194 gold pieces.

Inventory:

Jewellery
 f - the amulet of invisibility (around neck) {+Inv}
   (You found it in the Dungeon)

   [amulet of nothing]

   +Inv:      It lets you turn invisible.
Scrolls
 g - a scroll of blinking
 h - a scroll of identify {unknown}
Potions
 a - a potion of ambrosia
 c - a potion of brilliance
 e - 2 potions of magic


   Skills:
 + Level 8.1 Fighting
 + Level 12.0 Dodging
 + Level 14.9 Stealth
 + Level 11.9 Unarmed Combat
 * Level 9.5 Invocations
 + Level 10.5 Evocations


You had 7 spell levels left.
You didn't know any spells.
Your spell library contained the following spells:

 Spells                   Type           Power      Damage    Failure   Level
 Ozocubu's Armour         Ice            0%         N/A       71%         3
 Stone Arrow              Conj/Erth      0%         3d7       71%         3
 Metabolic Englaciation   Hex/Ice        0%         N/A       100%        5
 Simulacrum               Ice/Necr       0%         N/A       100%        6
 Lehudib's Crystal Spear  Conj/Erth      0%         10d2      100%        8
 Animate Armour           Summ/Erth      Unusable   N/A       N/A         4

Dungeon Overview and Level Annotations

Branches:
Dungeon (1/1)

Altars:
Cheibriados
Dithmenos
Elyvilon
Gozag
Hepliaklqana
Kikubaaqudgha
Makhleb
Nemelex Xobeh
Okawaru
Qazlal
Ru
Sif Muna
Trog
Uskayaw
Vehumet
Wu Jian
Xom
Yredelemnul
Zin
The Shining One
Beogh
Jiyva
Lugonu

Shops:
D (:*


Innate Abilities, Weirdness & Mutations

You have sharp claws.
You have razor-sharp teeth.
You have supernaturally acute eyesight. (SInv)
You cover ground quickly. (Speed+)
You are covered in thick fur. (AC +2)
Your paws help you pounce on unaware monsters.
You are incapable of wielding weapons or throwing items.
You cannot wear armour.
You gain extra lives every three experience levels.


Message History

The hornet closely misses you.
The spriggan shouts!
The ghost moth stares at you.
You feel your power leaking away.
You scratch the hornet.
The hornet is lightly wounded.
Your shadow closely misses the hornet.
The hornet misses you.
The demonic crawler shrieks in warning!
The ghost moth stares at you.
You're too confused to move!
You feel less confused. The hornet completely misses you.
The demonic crawler misses you. x2
The demonic crawler closely misses you. The hornet misses you.
The ghost moth stares at you. The demonic crawler barely misses you.
The demonic crawler completely misses you.
The demonic crawler misses you.
You barely miss the hornet.
The hornet is lightly wounded.
Your shadow hits the hornet. The hornet completely misses you.
The demonic crawler hits you.
The demonic crawler completely misses you.
The demonic crawler misses you.
Unknown command.
Unknown command.
You scratch the hornet but do no damage.
The hornet is lightly wounded.
The hornet completely misses you. The spriggan closely misses you.
The demonic crawler completely misses you.
The demonic crawler barely misses you. The demonic crawler misses you.
You closely miss the hornet.
The hornet is lightly wounded.
The hornet misses you. The spriggan barely misses you.
The demonic crawler hits you. x2
* * * LOW HITPOINT WARNING * * *
The demonic crawler completely misses you.
Unknown command.
You claw the hornet!
The hornet is moderately wounded.
The hornet closely misses you. The demonic crawler hits you!
You die...

#.....♣§)♣..######♣♣♣♣♣
##'####'######..'......
#..#§§§§i§§§....#♣..♣♣♣
#.(#§§###§§.....#.♣♣..♣
################## ####
#..............
#∩.............
#∩...s.........
#∩..yy@i.......
###########+###


You could see a ghost moth (invisible), a demonic crawler, a hornet and a
spriggan.

Vanquished Creatures
  A spriggan druid (D)
  6 oklob plants (D)
  A wandering mushroom (D)
  2 burning bushes (D)
  A queen bee (D)
  A spriggan (D)
  A scorpion (D)
  4 killer bees (D)
  5 oklob saplings (D)
  A river rat (D)
  A rat (D)
  A ballistomycete spore (D)
25 creatures vanquished.

Vanquished Creatures (others)
  A ballistomycete spore (D)
  A fungus (D)
2 creatures vanquished.

Grand Total: 27 creatures vanquished

Notes
Turn   | Place    | Note
-------+----------+-------------------------------------------
     0 | D        | mhtbhm the Felid Monk began the quest for the Orb.
     0 | D        | Reached XP level 1. HP: 10/10 MP: 2/2
    10 | D        | Reached skill level 5 in Dodging
    10 | D        | Reached skill level 3 in Stealth
    10 | D        | Reached XP level 2. HP: 15/15 MP: 3/3
    23 | D        | Noticed an oklob sapling
    24 | D        | Killed an oklob sapling
    25 | D        | Reached XP level 3. HP: 18/18 MP: 4/4
   127 | D        | Noticed a scorpion
   127 | D        | Found the amulet of invisibility {+Inv}
   132 | D        | Killed a scorpion
   133 | D        | Reached skill level 5 in Fighting
   133 | D        | Reached skill level 4 in Stealth
   133 | D        | Reached skill level 5 in Unarmed Combat
   133 | D        | Reached XP level 4. HP: 23/23 MP: 5/5
   180 | D        | Found an opulent altar of Gozag.
   180 | D        | Found a hazy altar of Hepliaklqana.
   180 | D        | Found a burning altar of Makhleb.
   180 | D        | Found a sparkling altar of Nemelex Xobeh.
   180 | D        | Found a snail-covered altar of Cheibriados.
   180 | D        | Found a sacrificial altar of Ru.
   180 | D        | Found a shimmering blue altar of Sif Muna.
   180 | D        | Found a shimmering altar of Xom.
   180 | D        | Found a basalt altar of Yredelemnul.
   181 | D        | Found a viscous altar of Jiyva.
   181 | D        | Found a bloodstained altar of Trog.
   181 | D        | Found an ornate altar of the Wu Jian Council.
   182 | D        | Found an iron altar of Okawaru.
   182 | D        | Found a shadowy altar of Dithmenos.
   182 | D        | Found a glowing silver altar of Zin.
   183 | D        | Found an ancient bone altar of Kikubaaqudgha.
   183 | D        | Found a hide-covered altar of Uskayaw.
   184 | D        | Found a stormy altar of Qazlal.
   184 | D        | Found a white marble altar of Elyvilon.
   184 | D        | Found a glowing golden altar of the Shining One.
   185 | D        | Found a corrupted altar of Lugonu.
   185 | D        | Found a radiant altar of Vehumet.
   189 | D        | Reached skill level 5 in Stealth
   189 | D        | Reached XP level 5. HP: 27/27 MP: 3/6
   191 | D        | Became a worshipper of Dithmenos the Shadowed
   191 | D        | Reached * piety under Dithmenos
   191 | D        | Reached ** piety under Dithmenos
   330 | D        | Reached skill level 1 in Invocations
   330 | D        | Reached skill level 1 in Evocations
   597 | D        | Noticed a queen bee
   604 | D        | Killed a queen bee
   605 | D        | Reached skill level 7 in Stealth
   605 | D        | Gained mutation: You are covered in thick fur. (AC +2)
                  | [Felid growth]
   605 | D        | Reached XP level 6. HP: 33/33 MP: 5/10
   616 | D        | Reached *** piety under Dithmenos
   617 | D        | Reached skill level 8 in Stealth
   635 | D        | Reached XP level 7. HP: 29/36 MP: 7/11
   640 | D        | Reached skill level 10 in Dodging
   778 | D        | Noticed an oklob plant
   781 | D        | Killed an oklob plant
   782 | D        | Reached skill level 9 in Stealth
   806 | D        | Noticed a burning bush
   809 | D        | Killed a burning bush
   809 | D        | Reached **** piety under Dithmenos
   810 | D        | Reached skill level 10 in Stealth
   810 | D        | Reached XP level 8. HP: 40/40 MP: 13/13
   919 | D        | Noticed a burning bush
   919 | D        | Noticed an oklob plant
   920 | D        | Noticed a wandering mushroom
   930 | D        | Killed a burning bush
   931 | D        | Reached skill level 10 in Unarmed Combat
   935 | D        | Killed an oklob plant
   936 | D        | Reached skill level 11 in Stealth
   939 | D        | Killed a wandering mushroom
   939 | D        | Reached ***** piety under Dithmenos
   940 | D        | Reached skill level 12 in Stealth
   940 | D        | Reached XP level 9. HP: 44/44 MP: 13/15
   968 | D        | Noticed a spriggan druid
   969 | D        | Killed a spriggan druid
   970 | D        | Reached skill level 13 in Stealth
   988 | D        | Noticed an oklob plant conjurer
   989 | D        | Killed an oklob plant conjurer
  1046 | D        | Noticed an oklob plant
  1046 | D        | Noticed an oklob plant summoner
  1047 | D        | Noticed an oklob plant shifter
  1056 | D        | Killed an oklob plant
  1057 | D        | Reached skill level 14 in Stealth
  1057 | D        | Reached skill level 10 in Evocations
  1492 | D        | Killed an oklob plant summoner
  1495 | D        | Killed an oklob plant shifter
  1640 | D        | Noticed a demonic crawler
  1644 | D        | Noticed a spriggan rider
  1681 | D        | Slain by a spriggan rider
  1682 | D        | Reached XP level 8. HP: 0/30 MP: 12/16
  1725 | D        | Reached XP level 9. HP: 24/44 MP: 17/17
  1853 | D        | HP: 1/36 [spriggan rider/+0 spear (5)]
  1857 | D        | Slain by a spriggan rider
  1858 | D        | Reached XP level 8. HP: -3/31 MP: 10/16
  1858 | D        | Found Hiurirua's Weapon Shoppe.
  1858 | D        | Found Ewecwel's Book Boutique.
  1858 | D        | Found Jirph's Assorted Antiques.
  1858 | D        | Noticed a hornet
  1858 | D        | Noticed a demonic crawler
  1858 | D        | Noticed a ghost moth
  1869 | D        | Slain by a demonic crawler

Illustrated notes

Levels and vault maps discovered:
D:        dungeon_sprint_fedhas [sprint_temple]

Skill      XL: |  1  2  3  4  5  6  7  8  9 |
---------------+----------------------------+-----
Dodging        | 5 6 7 8 9 10 12 | 12.0
Stealth        | 3 4 5 7 8 10 12 14 | 14.9
Fighting       | 4 5 6 7 8 |  8.1
Unarmed Combat | 4 5 6 8 9 10 11 | 11.9
Invocations    | 4 6 7 9 |  9.5
Evocations     | 4 6 8 10 | 10.5

Action                   |  1- 3 |  4- 6 |  7- 9 || total
-------------------------+-------+-------+-------++-------
Melee: Unarmed           |     7 |    22 |    79 ||   108
       Bite              |     1 |     2 |    11 ||    14
       Punch             |       |     1 |     7 ||     8
Invok: Shadow Form       |       |       |     2 ||     2
 Abil: Evoke Invisibilit |       |     5 |     5 ||    10
  Use: Potion            |     1 |     1 |     4 ||     6
 Stab: Sleeping          |     2 |     3 |     9 ||    14
       Invisible         |       |     1 |     2 ||     3
Dodge: Dodged            |     5 |    48 |   102 ||   155

Table legend: (Time is in decaauts)
 A = Elapsed time spent in this place.
 B = Non-inter-level travel time spent in this place.
 C = Inter-level travel time spent in this place.
 D = Time resting spent in this place.
 E = Time spent auto-exploring this place.
 F = Levels seen in this place.
 G = Mean time per level.
                   A        B        C        D        E       F      G
               +--------+--------+--------+--------+--------+-----+--------+
         Total |   1778 |   1778 |      0 |   1372 |      0 |   1 | 1778.0 |
       Dungeon |   1778 |   1778 |      0 |   1372 |      0 |   1 | 1778.0 |
               +--------+--------+--------+--------+--------+-----+--------+

Top non-repeatable levels by time:
       D: 1778 daAuts
